 Dungeon Crawl Stone Soup version 0.22-a0-423-g4197694 (webtiles) character file.

58 Veiltonx the Grave Robber (level 3, -1/26 HPs)
             Began as a Demonspawn Necromancer on May 23, 2018.
             Slain by a gnoll (3 damage)
             ... on level 1 of the Dungeon.
             The game lasted 00:07:03 (2155 turns).

Veiltonx the Grave Robber (Demonspawn Necromancer)  Turns: 2155, Time: 00:07:04

Health: -1/26      AC:  2    Str:  8    XL:     3   Next: 75%
Magic:  7/7        EV: 12    Int: 17    God:
Gold:   101        SH:  0    Dex: 13    Spells: 6/7 levels left

rFire    . . .     SeeInvis .   (no weapon)
rCold    . . .     Gourm    +   (no shield)
rNeg     . . .     Faith    .   a - +0 robe
rPois    .         Spirit   .   (no helmet)
rElec    .         Reflect  .   (no cloak)
rCorr    .         Harm     .   (no gloves)
MR       .....                  (no boots)
Stlth    ++........             g - amulet of the gourmand
HPRegen  0.08/turn              (no ring)
MPRegen  0.10/turn              (no ring)

@: no status effects
A: claws 1
a: no special abilities


You were on level 1 of the Dungeon.
You were completely stuffed.

You visited 1 branch of the dungeon, and saw 2 of its levels.

You collected 101 gold pieces.

Inventory:

Hand Weapons
 e - a +0 short sword
Missiles
 f - 5 javelins (quivered)
Armour
 a - a +0 robe (worn)
Jewellery
 g - an amulet of the gourmand (around neck)
Scrolls
 i - a scroll of identify {unknown}
Potions
 d - a potion of flight {unknown}
 h - 2 potions of curing {unknown}
 j - a potion of ambrosia {unknown}
Comestibles
 b - 2 chunks of flesh
 c - 2 rations


   Skills:
 + Level 1.4 Fighting
 - Level 2.0 Dodging
 - Level 2.0 Stealth
 + Level 2.7 Spellcasting
 + Level 4.9 Necromancy


You had 6 spell levels left.
You knew the following spells:

 Your Spells              Type           Power        Failure   Level  Hunger
a - Pain                  Necr           ###.         2%          1    #......

Your spell library contained the following spells:

 Spells                   Type           Power        Failure   Level  Hunger
 Animate Dead             Necr           N/A          24%         4    #####..
 Animate Skeleton         Necr           N/A          2%          1    #......
 Vampiric Draining        Necr           ###.......   7%          3    ###....
 Regeneration             Chrm/Necr      ##........   21%         3    ###....


Dungeon Overview and Level Annotations

Branches:
Dungeon (2/15)

Altars:


Innate Abilities, Weirdness & Mutations

You have sharp fingernails.


Message History

You barely miss the gnoll. The gnoll closely misses you.
You barely miss the gnoll. You scratch the gnoll.
The gnoll is lightly wounded.
You barely miss the gnoll.
The gnoll is lightly wounded.
The gnoll closely misses you.
You scratch the gnoll but do no damage.
The gnoll is lightly wounded.
The gnoll hits you.
You scratch the gnoll.
The gnoll is heavily wounded.
The gnoll hits you!
* * * LOW HITPOINT WARNING * * *
The gnoll closely misses you.
There is a stone staircase leading up here.
You climb upwards.
There is a stone staircase leading down here.
The gnoll hits you.
You die...

.......######...##........###....
.......######...##........# ##...
...........)#...##........## ####
.#.#.######.#...#....>.....# #
.#.#.#....#.#...#..........#
.#.#......#.#...####..######
.#.###)####.#...# #.##
.#.#........#.#g####.#######
.#.#.#.######.#>@..........#
.#.#.#.######.############.#
.#)#.#.#..........#......#.#
.#.#.#.#.####.###.#.####.#.#
...#.#.#.# ##.###.#.#....#.#
####.#.#.###...........#.#.#
.....#............#.######.#
######.#.#########.........#
###.# #.#########


You could see a gnoll.

Vanquished Creatures
  An adder (D:2)
  2 worms (D:2)
  2 dart slugs (D:1)
  2 bats (D:1)
  3 giant cockroaches
  7 hobgoblins
  3 jackals (D:2)
  3 frilled lizards
  2 goblins (D:1)
  4 kobolds
  10 rats
39 creatures vanquished.

Notes
Turn   | Place    | Note
-------+----------+-------------------------------------------
     0 | D:1      | Veiltonx the Demonspawn Necromancer began the quest for the Orb.
     0 | D:1      | Reached XP level 1. HP: 13/13 MP: 3/3
   459 | D:1      | Gained mutation: You have sharp fingernails. [demonic ancestry]
   459 | D:1      | Reached XP level 2. HP: 15/19 MP: 5/5
  1528 | D:2      | Reached skill level 1 in Fighting
  1528 | D:2      | Reached XP level 3. HP: 10/26 MP: 0/6
  2138 | D:2      | HP: 1/26 [gnoll (7)]
  2155 | D:1      | Slain by a gnoll

Vault maps used:
D:1:      dpeg_arrival_snail, minmay_pentomino_u2
D:2:      first_ration

Skill      XL: |  1  2 |
---------------+-------+-----
Stealth        | 2 |  2.0
Dodging        | 2 |  2.0
Fighting       | 1 |  1.4
Spellcasting   | |  2.7
Necromancy     | |  4.9

Action                   || total
-------------------------++-------
Melee: Unarmed           ||   151
       Short sword       ||    26
 Cast: Pain              ||    32
 Stab: Sleeping          ||     3
  Eat: Chunk             ||    18
Armor: Robe              ||    51
Dodge: Dodged            ||   166

Table legend:
 A = Spawn XP
 B = Non-spawn XP
 C = Spawn XP percentage of total XP
 D = Spawn monster count
 E = Non-spawn monster count
 F = Spawn count percentage of total count
 G = Total turns spent on level
                    A         B        C        D         E        F      G
               +---------+---------+-------+---------+---------+-------+---------
         Total |       0 |      83 |   0.0 |       0 |      39 |   0.0 |  2155
               +---------+---------+-------+---------+---------+-------+---------
           D:1 |       0 |      40 |   0.0 |       0 |      23 |   0.0 |  1895
           D:2 |       0 |      43 |   0.0 |       0 |      16 |   0.0 |   260
               +---------+---------+-------+---------+---------+-------+---------
